[Event "FIDE Candidates 2024"]
[Site "Toronto"]
[Date "2024.04.20"]
[Round "13.4"]
[White "Gukesh D"]
[Black "Firouzja, Alireza"]
[Result "1-0"]
[ECO "C65"]
[WhiteElo "2743"]
[BlackElo "2760"]
[Annotator "TA"]
[PlyCount "125"]
[EventDate "2024.04.02"]
[EventType "tourn"]
[EventCountry "CAN"]
[SourceTitle "playchess.com"]
[Source "ChessBase"]
[SourceQuality "1"]
[TimeControl "40/7200:1800+30"]

1. e4 e5 2. Nf3 Nc6 3. Bb5 Nf6 4. d3 Bc5 5. O-O Nd4 6. Nxd4 Bxd4 7. Nd2 c6 8. Bc4 d6 9. c3 {[%emt 0:00:07] The position is equal.} Bb6 10. Bb3 a5 11. Nc4 Ba7 12. Ne3 O-O 13. Qf3 {[%emt 0:01:36] [#]} d5 $1 14. Bc2 g6 15. Re1 Be6 16. exd5 cxd5 17. h3 Re8 18. Ba4 e4 19. dxe4 dxe4 20. Qe2 Re7 21. Nf1 Qc7 22. Bb3 {[%emt 0:07:04] Wards off Bc4} a4 23. Bxe6 Rxe6 24. Be3 {[%emt 0:00:21] [#]} a3 $1 25. c4 {[%emt 0:07:05] Prevents Nd5.} (25. Bxa7 Rxa7) 25... Nh5 (25... axb2 {is more complex.} 26. Qxb2 Qxc4 27. Qxb7 Qd5) 26. g3 Bc5 27. b3 f5 28. Bxc5 Qxc5 29. Rad1 Rf8 ({Better is} 29... Rae8 $15) 30. Rd5 Qe7 31. f4 Nf6 32. Rd2 g5 33. Ne3 gxf4 34. gxf4 Qf7 35. Kh2 (35. Nxf5 Nh5 36. Rd6 (36. Qg4+ $2 Kh8 $19) 36... Rg6+ (36... Qxf5 37. Rxe6 Nxf4 38. Qxe4 $11) 37. Rxg6+ Qxg6+ 38. Qg2 Rxf5 $19) 35... Nh5 36. Qf2 Rg6 37. Rd5 Ng7 38. Red1 {[%emt 0:00:10] Hoping for Rd7.} Rh6 $1 39. Rg1 $36 {[%emt 0:03:00][%mdl 2048] White is more active.} (39. Rd6 {looks sharper.} Ne6 40. Rg1+ Kh8 41. Qf1) 39... Rg6 40. Rgd1 {[%emt 0:00:00] aiming for Rd7.} Rh6 $1 41. Rg1 Rg6 42. Qh4 Rxg1 43. Kxg1 Kh8 (43... Qg6+ $11 {keeps the balance.} 44. Kf2 Ne6) 44. Kf2 $16 {[%emt 0:01:27] White is more active.} Rg8 45. Qg5 ({White should try} 45. Qh6 $1 $16) 45... Qg6 $2 (45... Ne6 $1 $11 46. Qxf5 Qg7) 46. Qxg6 $18 (46. Nxf5 $2 {too greedy.} Nxf5 47. Qxg6 hxg6 $19) 46... hxg6 {[%emt 0:00:07][%mdl 4096] Endgame. [#] KRN-KRN} 47. Rd6 {[%emt 0:01:44] Prevents Ne6} Re8 48. Rxg6 Ne6 49. Nd5 Nd4 50. Rb6 Nc2 $2 (50... e3+ {is more resistant.} 51. Nxe3 Re4 52. Rxb7 Rxf4+ 53. Kg2 Re4) 51. Rxb7 Re6 {[%emt 0:01:14] Wards off Nf6} 52. Re7 Rh6 53. c5 Nd4 54. Kg2 Rg6+ {[%emt 0:00:27] [#]} 55. Kf2 (55. Kf1 $142 $1) 55... Rh6 56. b4 Rxh3 57. Kg2 Rh6 58. Rb7 Kg8 59. b5 Kf8 60. b6 {[%emt 0:01:19] Rc7 is the strong threat.} Rg6+ 61. Kf2 Rh6 62. Rc7 Rh2+ 63. Kg3 {[%emt 0:00:06] Weighted Error Value: White=0.19 (very precise) /Black=0.33.  Loses game:     	---       	Black=1      Mistake:       	White=2     	Black=3      Inaccurate:     	White=5     	Black=3      OK:         	White=25    	Black=17     Best:        	White=2     	Black=3      Strong:       	---       	Black=2} 1-0

[Event "FIDE Candidates 2024"]
[Site "Toronto"]
[Date "2024.04.21"]
[Round "14.1"]
[White "Nakamura, Hikaru"]
[Black "Gukesh D"]
[Result "1/2-1/2"]
[ECO "E51"]
[WhiteElo "2789"]
[BlackElo "2743"]
[Annotator "TA"]
[PlyCount "141"]
[EventDate "2024.04.02"]
[EventType "tourn"]
[EventCountry "CAN"]
[SourceTitle "playchess.com"]
[Source "ChessBase"]
[SourceQuality "1"]
[TimeControl "40/7200:1800+30"]

1. d4 d5 2. c4 dxc4 3. Nf3 Nf6 4. e3 e6 5. Bxc4 Be7 6. Nc3 c5 7. a3 O-O 8. O-O a6 9. Qe2 b5 10. Ba2 cxd4 11. exd4 b4 12. Ne4 bxa3 13. bxa3 Bb7 14. Nc3 Nd5 15. Bd2 Nxc3 16. Bxc3 Nd7 17. Bb1 Rc8 18. Bd2 Nf6 19. Bd3 Bxf3 20. Qxf3 Qxd4 {[%emt 0:00:13] [#] aiming for ...Rcd8.} 21. Rfd1 Qa4 22. Qb7 Bc5 (22... Bxa3 $2 23. Qf3 $18) 23. Be1 a5 (23... Bxa3 $2 {is the wrong capture.} 24. Qf3 $18) 24. Qb5 Qxb5 (24... Qf4 {looks sharper.} 25. g3 Qe5 26. Qxa5 Ng4) 25. Bxb5 Bb6 26. Rac1 Nd5 27. Kf1 Rfd8 28. a4 Kf8 29. g3 Ke7 30. Ke2 f5 31. Rc4 Rxc4 32. Bxc4 Nb4 33. Rb1 Bc5 34. Rc1 Nc6 35. Bc3 g5 36. Bb5 {[%emt 0:01:48] A strong pair of Bishops. The position is equal.} Ba3 37. Rc2 Nd4+ 38. Bxd4 Rxd4 $11 {[%emt 0:00:02][%mdl 4096] Endgame. KRB-KRB} 39. Rc7+ Kf6 40. Rxh7 Bb4 41. Bd3 e5 42. f3 e4 43. fxe4 fxe4 44. Bb5 Be7 45. h4 gxh4 46. gxh4 Rb4 47. Rh5 Kg7 48. Bd7 Rd4 49. Be8 Bd8 50. Rf5 Bxh4 51. Rxa5 Kf6 52. Ra8 Bg5 53. Bh5 Rd2+ 54. Kf1 Ra2 55. a5 Ra1+ 56. Kg2 Ra2+ 57. Kf1 Ra1+ 58. Ke2 Ra2+ 59. Kd1 Rd2+ 60. Ke1 Rd5 61. Ke2 Bd2 62. a6 Rxh5 {[%emt 0:00:32] KRB-KR} 63. a7 {[%emt 0:03:21] [#] White wants to mate with Rf8+.} Ra5 64. Rf8+ Ke5 65. a8=Q Rxa8 66. Rxa8 {[%emt 0:00:06] KR-KB} e3 67. Ra4 Kd5 68. Kd3 Kc5 69. Re4 Kd5 70. Rxe3 Bxe3 71. Kxe3 {[%emt 0:00:35] Weighted Error Value: White=0.05 (flawless) /Black=0.03 (flawless) .  Inaccurate:     	White=5     	Black=2      OK:         	White=26    	Black=27     Best:        	White=4     	Black=2} 1/2-1/2